 Dungeon Crawl Stone Soup version 0.32-a0-558-g233958a4c4 (webtiles) character file.

Game seed: 12185487124909587662

11650 fluanisone the Carver (level 11, -3/76 (86) HPs)
             Began as a Coglin Warper on Feb 29, 2024.
             Was an Elder of Okawaru.
             Slain by a spectral orc warrior
             ... wielding a +0 trident
             ... summoned by Nergalle
              (4 damage)
             ... on level 10 of the Dungeon.
             The game lasted 00:16:21 (10405 turns).

fluanisone the Carver (Coglin Warper)              Turns: 10405, Time: 00:16:22

HP:   -3/76 (86)    AC: 10    Str: 12      XL:     11   Next: 81%
MP:   13/15         EV: 14    Int: 15 (17) God:    Okawaru [****..]
Gold: 704           SH:  0    Dex: 15 (17) Spells: 13/13 levels left

rFire   . . .        A - +1 long sword "Jellyslayer" {freeze, Int+4}
rCold   + . .        E - +1 short sword (speed) {Qinisela}
rNeg    . . .        J - +2 ring mail {rC+}
rPois   .            (no helmet)
rElec   .            h - +0 cloak
rCorr   .            (no gloves)
SInv    .            (no boots)
Will    .....        (amulet unavailable)
Stlth   ++           (ring unavailable)
HPRegen 1.12/turn    (ring unavailable)
MPRegen 0.14/turn    (no gizmo)

%: no passive effects
@: heroic, heavily drained, revved
A: off-hand wielding, slow wielding, warmup strikes, no jewelry, deterioration
1, regeneration 1
a: Invent Gizmo, Renounce Religion, Heroism, Finesse


You were on level 10 of the Dungeon.
You worshipped Okawaru.
Okawaru was greatly pleased with you.
You visited 2 branches of the dungeon, and saw 11 of its levels.
You also visited: Ossuary.

You collected 704 gold pieces.

Inventory:

Hand Weapons
 a - a +0 falchion {Kyoko}
 e - a +0 short sword {Suthep}
 m - a +0 falchion {Cuetlachtli}
 t - a +2 dagger of protection {Aylmer}
 A - the +1 long sword "Jellyslayer" (weapon) {freeze, Int+4}
   (You found it on level 5 of the Dungeon)

   Int+4:     It affects your intelligence (+4).
 E - a +1 short sword of speed (offhand) {Qinisela}
Missiles
 d - 7 darts of dispersal (quivered)
 s - 24 poisoned darts
 F - 5 curare-tipped darts
 N - 2 throwing nets
 O - 5 datura-tipped darts
 R - 3 atropa-tipped darts
Armour
 h - a +0 cloak (worn)
 j - +0 steam dragon scales
 J - a +2 ring mail of cold resistance (worn)
Wands
 k - a wand of polymorph (6)
Scrolls
 f - 7 scrolls of teleportation {@r3}
 g - 3 scrolls of amnesia
 p - 3 scrolls of immolation
 r - 3 scrolls of fog {unknown}
 u - 2 scrolls of blinking {@r4}
 x - a scroll of poison
 y - a scroll of butterflies
 B - 3 scrolls of revelation {unknown}
 C - a scroll of enchant armour
 G - 6 scrolls of vulnerability {unknown}
 H - 4 scrolls of noise {unknown}
 L - a scroll of enchant weapon {unknown}
 P - a scroll of fear
 Q - a scroll of identify {@r1}
Potions
 b - a potion of attraction {unknown}
 l - 3 potions of mutation
 n - a potion of brilliance {unknown}
 o - a potion of cancellation {unknown}
 q - 2 potions of might {unknown}
 v - a potion of magic {unknown}
 w - 4 potions of heal wounds {unknown}
 z - 2 potions of resistance {unknown}
 D - 4 potions of haste {unknown}
 I - 3 potions of degeneration {unknown}
 K - 2 potions of berserk rage {unknown}
 M - 4 potions of lignification {unknown}


   Skills:
 - Level 8.0(13.0) Fighting
 - Level 14.0(19.0) Long Blades
 - Level 0.8(5.8) Throwing
 - Level 4.0(9.0) Armour
 - Level 4.0(9.0) Dodging
 - Level 1.7 Spellcasting
 - Level 3.0 Translocations
 + Level 6.0 Invocations


You had 13 spell levels left.
You didn't know any spells.
Your spell library contained the following spells:

 Spells                   Type           Power      Damage    Failure   Level
 Blink                    Tloc           20%        N/A       19%         2
 Lesser Beckoning         Tloc           20%        N/A       19%         2
 Teleport Other           Tloc           10%        N/A       36%         3
 Freeze                   Ice            4%         1d3       41%         1
 Cigotuvi's Dreadful Rot  Necr/Alch/Air  2%         N/A       54%         2
 Sublimation of Blood     Necr           1%         N/A       54%         2
 Manifold Assault         Tloc           10%        N/A       77%         4
 Frozen Ramparts          Ice            2%         1d1       78%         3
 Hailstorm                Conj/Ice       1%         3d5       78%         3
 Vhi's Electric Charge    Tloc/Air       10%        N/A       93%         4
 Ignite Poison            Fire/Alch      1%         N/A       99%         4
 Leda's Liquefaction      Alch/Erth      0%         N/A       99%         4
 Petrify                  Alch/Erth      1%         N/A       99%         4
 Freezing Cloud           Conj/Ice/Air   0%         6-21      100%        5
 Metabolic Englaciation   Hex/Ice        0%         N/A       100%        5
 Chain Lightning          Conj/Air       0%         2d1       100%        9
 Fire Storm               Conj/Fire      0%         6d1       100%        9
 Shatter                  Erth           0%         3d5*      100%        9
 Call Imp                 Summ           Unusable   N/A       N/A         2
 Summon Hydra             Summ           Unusable   N/A       N/A         7

Dungeon Overview and Level Annotations

Branches:
Dungeon (10/15)            Temple (1/1) D:6            Lair (0/5) D:8
    Orc (0/2) D:9         Ossuary (visited)

Altars:
Ashenzari
Cheibriados
Dithmenos
Elyvilon
Fedhas
Gozag
Hepliaklqana
Kikubaaqudgha
Makhleb
Nemelex Xobeh
Okawaru
Qazlal
Ru
Sif Muna
Trog
Uskayaw
Vehumet
Wu Jian
Xom
Yredelemnul
Zin
The Shining One

Shops:
D:4 *   D:5 :   D:6 [   D:10 :

Annotations:
D:10 Nergalle


Innate Abilities, Weirdness & Mutations

You can wield a second weapon in your off-hand.
It takes a long time for you to wield or remove held weapons.
Your first few attacks do less damage.
You cannot equip rings or amulets.
Your body sometimes deteriorates upon taking damage.
Your natural rate of healing is unusually fast.


Message History

The spectral orc knight closely misses you.
The spectral orc warrior closely misses you.
You slash Nergalle with the +1 long sword "Jellyslayer"!
You freeze Nergalle.
Nergalle is moderately wounded.
You hit Nergalle but do no damage. Nergalle hits you with a +0 dagger.
You closely miss Nergalle with your +1 short sword of speed.
Nergalle is moderately wounded.
You hit Nergalle but do no damage.
The spectral orc knight hits you from afar with a +0 halberd!
You feel drained.
The spectral orc knight hits you with a +0 halberd!
You feel drained.
* * * LOW HITPOINT WARNING * * *
The spectral orc warrior misses you.
You slash Nergalle with the +1 long sword "Jellyslayer"!
You freeze Nergalle.
Nergalle is heavily wounded.
You hit Nergalle but do no damage.
Nergalle engages in an animated conversation with the air beside them.
Nergalle hits you with a +0 dagger.
* * * LOW HITPOINT WARNING * * *
Unknown command.
You hit Nergalle with the +1 long sword "Jellyslayer".
You freeze Nergalle.
Nergalle is severely wounded.
You barely miss Nergalle with your +1 short sword of speed.
The spectral orc knight closely misses you.
The spectral orc knight hits you with a +0 halberd.
* * * LOW HITPOINT WARNING * * *
The spectral orc warrior hits you from afar with a +0 trident!
* * * LOW HITPOINT WARNING * * *
Your body deteriorates!
You feel dopey.
You feel better. Nergalle hits you with a +0 dagger.
* * * LOW HITPOINT WARNING * * *
The spectral orc knight hits you from afar with a +0 halberd!
* * * LOW HITPOINT WARNING * * *
You feel drained.
The spectral orc warrior hits you from afar with a +0 trident.
You die...

#~~~~.# #. #.#
#~~#. #. #.# ###
.. #.# ## . # #.
# #.########### #
#...ZZ@oZ...# #
###.#.#####.# #
#.#.# # #.#.#
#############.#..
..............#.#
###############.#
# ###


You could see Nergalle, a spectral orc warrior (summoned) and 2 spectral orc
knights.

Vanquished Creatures
  Harold (D:9)
  An orc knight (D:10)
  Maurice (D:8)
  Joseph (D:7)
  An unseen horror (D:10)
  2 trolls
  A hornet (D:8)
  Grinder (D:6)
  A blink frog (D:8)
  3 wraiths
  2 wyverns
  10 yaks (D:9)
  A steam dragon (D:8)
  Grum (D:8)
  Menkaure (D:7)
  A water moccasin (D:9)
  A black bear (D:5)
  A laughing skull (D:7)
  A sky beast (D:8)
  An ice beast (D:8)
  6 orc warriors
  5 ogres
  2 wolves (D:8)
  2 centaurs
  3 phantoms (D:5)
  Blork the orc (D:4)
  6 kobold brigands
  5 elf zombies (Ossuary)
  4 bullfrogs
  A gnoll sergeant (D:10)
  5 scorpions
  27 killer bees
  3 howler monkeys (D:7)
  3 electric eels (D:10)
  4 jellies
  A bombardier beetle (D:4)
  A hound (D:4)
  6 orc priests
  A human zombie (Ossuary)
  3 iguanas
  2 sleepcaps (D:8)
  11 orc wizards
  4 mummies (Ossuary)
  6 gnolls
  15 adders
  2 river rats (D:8)
  A white imp (D:6)
  2 ufetubi (D:7)
  2 adder zombies (Ossuary)
  A ribbon worm (D:2)
  5 dart slugs
  53 orcs
  18 ball pythons
  6 bats
  7 endoplasms
  6 giant cockroaches
  6 goblins
  13 hobgoblins
  13 jackals
  22 kobolds
  5 quokkas
  8 frilled lizards
  A gnoll zombie (Ossuary)
  3 kobold zombies (Ossuary)
  9 rats
343 creatures vanquished.

Notes
Turn   | Place    | Note
-------+----------+-------------------------------------------
     0 | D:1      | fluanisone the Coglin Warper began the quest for the Orb.
     0 | D:1      | Reached XP level 1. HP: 16/16 MP: 3/3
   165 | D:1      | Reached XP level 2. HP: 22/22 MP: 4/4
   381 | D:1      | Reached skill level 3 in Long Blades
   384 | D:1      | Reached XP level 3. HP: 28/28 MP: 5/5
   400 | D:1      | You fall into a shaft and drop 1 floor!
   887 | D:2      | Reached XP level 4. HP: 30/34 MP: 6/6
  1090 | D:2      | Found a stormy altar of Qazlal.
  1470 | D:2      | Reached skill level 4 in Long Blades
  1617 | D:3      | Reached XP level 5. HP: 34/41 MP: 7/7
  2286 | D:3      | Reached skill level 5 in Long Blades
  2286 | D:3      | Reached XP level 6. HP: 48/48 MP: 8/8
  2704 | D:4      | Found Zaexzab's Specific Store.
  2705 | D:4      | Found Vibebua's General Store.
  2712 | D:4      | Noticed Blork the orc
  2731 | D:4      | Gained mutation: Your body sometimes deteriorates upon
                  | taking damage. [potion of mutation]
  2731 | D:4      | Gained mutation: Your natural rate of healing is unusually
                  | fast. [potion of mutation]
  2742 | D:4      | Killed Blork the orc
  2908 | D:4      | Found a blossoming altar of Fedhas.
  3105 | D:4      | Reached skill level 6 in Long Blades
  3105 | D:4      | Reached XP level 7. HP: 55/55 MP: 9/9
  3327 | D:5      | Entered Level 5 of the Dungeon
  3405 | D:5      | Identified the +1 long sword "Jellyslayer" {freeze, Int+4}
  3417 | D:5      | Reached skill level 5 in Fighting
  3504 | D:5      | Reached skill level 7 in Long Blades
  3510 | D:5      | Found a hide-covered altar of Uskayaw.
  3535 | D:5      | Reached XP level 8. HP: 62/62 MP: 10/10
  3566 | D:5      | Found a snail-covered altar of Cheibriados.
  3677 | D:5      | Found Vipaor's Book Shoppe.
  3955 | D:5      | Reached skill level 8 in Long Blades
  4326 | D:6      | Noticed Grinder
  4333 | D:6      | Found Cutuhear's Antique Armour Shoppe.
  4380 | D:6      | Killed Grinder
  4483 | D:6      | Found a sand-covered staircase.
  4493 | Ossuary  | Entered an ossuary
  4517 | Ossuary  | Reached skill level 9 in Long Blades
  4547 | Ossuary  | Reached XP level 9. HP: 33/71 MP: 11/11
  4842 | D:6      | Found a staircase to the Ecumenical Temple.
  4909 | Temple   | Entered the Ecumenical Temple
  4924 | Temple   | Became a worshipper of Warmaster Okawaru
  4993 | D:6      | Reached skill level 10 in Long Blades
  5464 | D:7      | Noticed a troll
  5489 | D:7      | Killed a troll
  5517 | D:7      | Noticed Joseph
  5531 | D:7      | Killed Joseph
  5531 | D:7      | Reached * piety under Okawaru
  5532 | D:7      | Reached skill level 11 in Long Blades
  5783 | D:7      | Reached XP level 10. HP: 43/80 MP: 12/12
  5950 | D:7      | Reached ** piety under Okawaru
  5957 | D:7      | Noticed Menkaure
  5962 | D:7      | HP: 2/80 [Menkaure (22)]
  5969 | D:7      | Killed Menkaure
  6032 | D:7      | Reached skill level 12 in Long Blades
  6502 | D:8      | Paralysed by a hornet for 3 turns
  6510 | D:8      | HP: 3/80 [hornet (12)]
  6690 | D:8      | Found a staircase to the Lair.
  6924 | D:8      | Noticed Grum
  6924 | D:8      | Noticed Maurice
  7055 | D:8      | Reached skill level 13 in Long Blades
  7071 | D:8      | Killed Grum
  7071 | D:8      | Reached *** piety under Okawaru
  7094 | D:8      | Maurice stole a +0 short sword {Suthep}
  7096 | D:8      | Killed Maurice
  7599 | D:9      | Reached skill level 14 in Long Blades
  7609 | D:9      | Reached skill level 1 in Armour
  7609 | D:9      | Reached skill level 1 in Invocations
  7629 | D:9      | Reached XP level 11. HP: 47/86 MP: 13/13
  7826 | D:9      | Reached **** piety under Okawaru
  7867 | D:9      | Found an ornate altar of the Wu Jian Council.
  8303 | D:9      | Found a staircase to the Orcish Mines.
  8413 | D:9      | Noticed Harold
  8433 | D:9      | Killed Harold
  9213 | D:10     | Entered Level 10 of the Dungeon
  9603 | D:10     | Reached ***** piety under Okawaru
  9825 | D:10     | Received a gift from Okawaru
  9921 | D:10     | Reached skill level 5 in Invocations
  9945 | D:10     | Found Ijeerh Noeg's Tiny Tomes.
 10146 | D:10     | Noticed an orc knight
 10164 | D:10     | HP: 2/86 [orc knight/+0 great mace (29)]
 10235 | D:10     | Killed an orc knight
 10389 | D:10     | Noticed Nergalle
 10405 | D:10     | HP: 1/78 [spectral orc knight/+0 halberd[Nergalle] (10)]
 10405 | D:10     | Slain by a spectral orc warrior

Illustrated notes

Levels and vault maps discovered:
D:1:      minmay_arrival_open_corners, layout_basic
D:2:      minmay_thinvault, layout_rooms, basic_altar
D:3:      layout_basic, minmay_snake_closets
D:4:      layout_cave_pools, nicolae_overflow_hidden_temple,
          nicolae_specific_store, nicolae_eternal_life, dk_rats_in_the_wall,
          uniq_blork_the_orc
D:5:      layout_basic, mainiacjoe_overflow_catch_the_wave, serial_shops, shop,
          chequers_decorated_corner
D:6:      layout_basic, temple_pool_b, nicolae_ossuary_entry_monument,
          serial_shops, shop, uniq_grinder
D:7:      nzn_winding_woodlands_small [nzn_winding_woodlands_5x15_default,
          nzn_winding_woodlands_center_diamonds,
          nzn_winding_woodlands_5x15_default], layout_loops_corners,
          grunt_decor_one_mirror, grunt_decor_junction, minivault_27,
          nicolae_the_louvre, uniq_joseph, uniq_menkaure
D:8:      layout_rooms, dpeg_lair_monsters, uniq_grum, uniq_maurice
D:9:      layout_layer_cave, nicolae_wu_jian_wuxing_cycle,
          kennysheep_orc_monster_closet_entryway, uniq_harold
D:10:     cheibrodos_orc_bank, layout_basic, gammafunk_ghost_smash,
          nicolae_shop_i_like_small_books_too, st_stairs_3, uniq_nergalle
Temple:   hc_temple_tempest_star

Skill      XL: |  1  2  3  4  5  6  7  8  9 10 11 |
---------------+----------------------------------+-----
Long Blades    | 3 4 5 6 7 9 11 14 | 14.0
Fighting       | 3 4 5 6 8 |  8.0
Armour         | 1 4 |  4.0
Dodging        | 2 4 |  4.0
Invocations    | 1 6 |  6.0
Throwing       | |  0.8
Spellcasting   | |  1.7
Translocations | |  3.0

Action                     |  1- 3 |  4- 6 |  7- 9 | 10-12 || total
---------------------------+-------+-------+-------+-------++-------
  Melee: Falchion          |    90 |   305 |    29 |       ||   424
         Short sword       |    49 |       |   171 |   489 ||   709
         Dagger            |       |   101 |   129 |       ||   230
         Long sword        |       |       |   283 |   521 ||   804
 Invoke: Heroism           |       |       |       |     7 ||     7
  Evoke: Wand              |       |       |     5 |    14 ||    19
    Use: Scroll            |       |     2 |     5 |     3 ||    10
         Potion            |       |     2 |       |     8 ||    10
   Stab: Sleeping          |     2 |       |       |       ||     2
         Invisible         |       |     3 |       |    16 ||    19
         Confused          |       |     3 |       |       ||     3
 Armour: Leather armour    |    35 |       |       |       ||    35
         Ring mail         |    30 |   187 |   239 |   319 ||   775
  Dodge: Dodged            |    53 |   164 |   153 |   256 ||   626

Table legend: (Time is in decaauts)
 A = Elapsed time spent in this place.
 B = Non-inter-level travel time spent in this place.
 C = Inter-level travel time spent in this place.
 D = Time resting spent in this place.
 E = Time spent auto-exploring this place.
 F = Levels seen in this place.
 G = Mean time per level.
                   A        B        C        D        E       F      G
               +--------+--------+--------+--------+--------+-----+--------+
         Total |  10157 |   9514 |    643 |   1365 |   6118 |  12 |  846.4 |
       Dungeon |   9837 |   9224 |    613 |   1318 |   5987 |  10 |  983.7 |
        Temple |     30 |      1 |     29 |      0 |      0 |   1 |   30.0 |
       Ossuary |    289 |    289 |      0 |     47 |    131 |   1 |  289.0 |
               +--------+--------+--------+--------+--------+-----+--------+

Top non-repeatable levels by time:
     D:9: 1638 daAuts
     D:7: 1331 daAuts
    D:10: 1129 daAuts
     D:3: 1039 daAuts
     D:5: 989 daAuts
     D:8: 907 daAuts
     D:2: 872 daAuts
     D:4: 753 daAuts
     D:1: 670 daAuts
     D:6: 505 daAuts
 Ossuary: 289 daAuts
  Temple: 30 daAuts
